 Dungeon Crawl Stone Soup version 0.19.0-19-g8c6edcc (webtiles) character file.

2228 grisgris the Thaumaturge (level 9, -3/48 HPs)
             Began as a Deep Elf Fire Elementalist on Nov 13, 2016.
             Was a Follower of Vehumet.
             Slain by a troll (9 damage)
             ... on level 9 of the Dungeon.
             The game lasted 00:33:19 (11156 turns).

grisgris the Thaumaturge (DEFE)                    Turns: 11156, Time: 00:33:20

Health: -3/48      AC:  6    Str:  5    XL:     9   Next: 14%
Magic:  15/24      EV: 14    Int: 30    God:    Vehumet [*.....]
Gold:   336        SH:  0    Dex: 15    Spells: 5 memorised, 11 levels left

rFire  . . .     SeeInvis .     o - +0 short sword
rCold  . . .     Gourm    .     a - +1 robe
rNeg   . . .     Faith    .     (no shield)
rPois  .         Spirit   .     x - +2 helmet {Int+3}
rElec  .         Reflect  .     (no cloak)
rCorr  .         Harm     .     (no gloves)
MR     .....                    (no boots)
Stlth  +++.......               (no amulet)
                                j - +3 ring of intelligence
                                u - +6 ring of slaying

@: no status effects
A: no striking features
a: Renounce Religion


You were on level 9 of the Dungeon.
You worshipped Vehumet.
Vehumet was aware of your devotion.
You were not hungry.

You visited 2 branches of the dungeon, and saw 10 of its levels.
You also visited: Sewer.

You collected 336 gold pieces.

Inventory:

Hand Weapons
 o - a +0 short sword (weapon)
Armour
 a - a +1 robe (worn)
 x - a +2 helmet of intelligence (worn)
 B - a +0 hat of intelligence
Rods
 g - a -3 lightning rod (13/13)
   (You found it on level 5 of the Dungeon)
Jewellery
 i - an uncursed ring of ice
 j - a +3 ring of intelligence (right hand)
 n - an uncursed ring of positive energy
 u - a +6 ring of slaying (left hand)
Wands
 y - a wand of slowing (42/48)
 z - a wand of polymorph (21/24)
 A - a wand of polymorph (6/24)
Scrolls
 e - a scroll of fear
 f - a scroll of vulnerability {unknown}
 q - 2 scrolls of teleportation
 t - a scroll of identify
Potions
 h - a potion of curing {unknown}
 k - a potion of ambrosia
 l - a potion of resistance
 m - a potion of magic {unknown}
 p - a potion of might {unknown}
 r - 2 potions of brilliance
 s - a potion of cure mutation {unknown}
 v - a potion of beneficial mutation {unknown}
Books
 b - a book of Flames

   Spells                             Type                      Level
   a - Flame Tongue                   Conjuration/Fire             1
   b - Throw Flame                    Conjuration/Fire             2
   c - Conjure Flame                  Conjuration/Fire             3
   d - Inner Flame                    Hexes/Fire                   3
   e - Sticky Flame                   Conjuration/Fire             4
   f - Fireball                       Conjuration/Fire             5
 d - a book of Minor Magic

   Spells                             Type                      Level
   a - Magic Dart                     Conjuration                  1
   b - Blink                          Translocation                2
   c - Call Imp                       Summoning                    2
   d - Repel Missiles                 Charms/Air                   2
   e - Slow                           Hexes                        2
   f - Conjure Flame                  Conjuration/Fire             3
   g - Mephitic Cloud                 Conjuration/Poison/Air       3
Comestibles
 c - 5 bread rations
 w - 5 chunks of flesh


   Skills:
 + Level 1.9 Fighting
 + Level 2.2 Short Blades
 + Level 4.2 Dodging
 + Level 4.6 Stealth
 - Level 0.1 Unarmed Combat
 + Level 9.1 Spellcasting
 + Level 6.1 Conjurations
 + Level 7.6 Fire Magic
 + Level 0.2 Evocations


You had 11 spell levels left.
You knew the following spells:

 Your Spells              Type           Power        Failure   Level  Hunger
a - Flame Tongue          Conj/Fire      #####        1%          1    None
b - Throw Flame           Conj/Fire      ######       1%          2    None
c - Conjure Flame         Conj/Fire      ######..     1%          3    None
d - Sticky Flame          Conj/Fire      ######..     2%          4    None
e - Fireball              Conj/Fire      ######....   8%          5    ####...


Dungeon Overview and Level Annotations

Branches:
Dungeon (9/15)             Temple (1/1) D:6            Lair (0/6) D:9
    Orc (0/2) D:9

Altars:
Ashenzari
Cheibriados
Elyvilon
Kikubaaqudgha
Makhleb
Nemelex Xobeh
Sif Muna
Trog
Uskayaw
Vehumet

Annotations:
D:3 Grinder
D:7 BadBadger's ghost, novice NaTm


Message History

The sticky flame hits the troll.
The troll is lightly wounded.
The troll is covered in liquid flames!
The troll burns!
The troll bites you! The troll claws you. The troll misses you.
Casting: Sticky Flame
Confirm with . or Enter, or press ? or * to list all spells.
Aiming: Sticky Flame
Press: ? - help, Shift-Dir - straight line, f/p - troll
Aim: a troll (moderately wounded, covered in liquid flames)
The sticky flame hits the troll.
The troll is moderately wounded.
The troll is covered in liquid flames!
The troll burns!
The troll misses you. The troll claws you. x2
You puncture the troll!
The troll is severely wounded.
The troll burns!
The troll bites you! The troll closely misses you. The troll claws you!
* * * LOW HITPOINT WARNING * * *
The troll burns!
The troll bites you!
You die...

#. #.# #.# ####.
##'## ###.... ##...##
.....
##.....#####.#####
##.......#........# #
.##.....@....##.....#
.
..'.....T.>)).......#
#
###..........###...)#
##.......#.# ##...#
##.....##.#####..#
#.# ##...###........#
#.# ##'## #######.##
#.# #.# #.# #.# #.#
#)#


You could see a troll (burning).

Vanquished Creatures
  A centaur zombie (D:9)
  A hornet (D:8)
  A necrophage (D:8)
  3 centaurs
  2 scorpions
  9 killer bees (D:9)
  A crimson imp (D:9)
  A bullfrog zombie (D:8)
  A jelly (D:7)
  2 bullfrog skeletons (D:4)
  4 orc priests
  4 hounds
  3 orc wizards
  An iguana (D:8)
  3 worker ants
  6 gnolls
  11 adders
  3 river rats
  An ooze (D:3)
  2 adder skeletons
  2 adder zombies (D:9)
  2 worms (D:3)
  A dart slug (D:2)
  2 leopard geckos
  19 orcs
  4 ball pythons
  10 giant cockroaches
  7 goblins
  7 hobgoblins
  14 jackals
  13 kobolds
  6 quokkas
  4 bats
  7 frilled lizards
  A giant cockroach zombie (D:5)
  A jackal zombie (D:6)
  A leopard gecko skeleton (D:6)
  14 rats
  2 rat zombies (D:3)
177 creatures vanquished.

Vanquished Creatures (others)
  10 fungi (D:9)
  A plant (Sewer)
11 creatures vanquished.

Grand Total: 188 creatures vanquished

Notes
Turn   | Place    | Note
-------+----------+-------------------------------------------
     0 | D:1      | grisgris the Deep Elf Fire Elementalist began the quest for the Orb.
     0 | D:1      | Reached XP level 1. HP: 10/10 MP: 6/6
   767 | D:1      | Reached XP level 2. HP: 10/15 MP: 5/8
   772 | D:1      | Learned a level 2 spell: Throw Flame
  1658 | D:3      | Reached XP level 3. HP: 5/19 MP: 6/9
  1682 | D:3      | Learned a level 3 spell: Conjure Flame
  2282 | D:3      | Found an ancient bone altar of Kikubaaqudgha.
  2500 | D:3      | Reached XP level 4. HP: 10/24 MP: 1/11
  2581 | D:3      | Learned a level 4 spell: Sticky Flame
  3470 | D:3      | Reached skill level 4 in Spellcasting
  3653 | D:3      | Noticed Grinder
  3710 | D:4      | Found a burning altar of Makhleb.
  3717 | D:4      | Reached XP level 5. HP: 17/28 MP: 4/13
  4337 | D:4      | Found a sparkling altar of Nemelex Xobeh.
  4388 | D:4      | Reached skill level 5 in Spellcasting
  4388 | D:4      | Reached XP level 6. HP: 33/33 MP: 2/15
  4510 | D:4      | Found a shattered altar of Ashenzari.
  4961 | D:4      | Reached skill level 5 in Fire Magic
  5261 | D:4      | Found a white marble altar of Elyvilon.
  5265 | D:4      | Found a sparkling altar of Nemelex Xobeh.
  5266 | D:4      | Found a bloodstained altar of Trog.
  5295 | D:5      | Entered Level 5 of the Dungeon
  5378 | D:5      | Reached skill level 6 in Spellcasting
  5540 | D:5      | Found a glowing drain.
  5549 | D:5      | Reached XP level 7. HP: 35/37 MP: 13/18
  5638 | Sewer    | Entered a sewer
  7297 | D:6      | Found a staircase to the Ecumenical Temple.
  7304 | Temple   | Entered the Ecumenical Temple
  7355 | Temple   | Became a worshipper of Vehumet
  7713 | D:6      | Found a deep blue altar of Sif Muna.
  8156 | D:6      | Learned a level 5 spell: Fireball
  8417 | D:7      | Noticed BadBadger's ghost (novice NaTm)
  8642 | D:7      | Reached skill level 7 in Spellcasting
  9246 | D:8      | Reached skill level 5 in Conjurations
  9246 | D:8      | Reached XP level 8. HP: 37/42 MP: 12/21
  9271 | D:8      | Noticed a hornet
  9274 | D:8      | Killed a hornet
  9501 | D:9      | Found a staircase to the Lair.
  9811 | D:9      | Reached skill level 1 in Fighting
  9811 | D:9      | Reached skill level 1 in Short Blades
  9811 | D:9      | Reached skill level 8 in Spellcasting
  9979 | D:9      | Found a snail-covered altar of Cheibriados.
 10003 | D:9      | Found a staircase to the Orcish Mines.
 10086 | D:9      | Reached * piety under Vehumet
 10086 | D:9      | Offered knowledge of Sting by Vehumet.
 10703 | D:9      | Reached XP level 9. HP: 48/48 MP: 10/23
 10832 | D:9      | Noticed a troll
 10976 | D:9      | Reached skill level 9 in Spellcasting
 11156 | D:9      | Slain by a troll

Skill      XL: |  1  2  3  4  5  6  7  8  9 |
---------------+----------------------------+-----
Fire Magic     | 4 5 6 7 |  7.6
Stealth        | 3 4 |  4.6
Conjurations   | 2 3 5 6 |  6.1
Spellcasting   | 4 5 6 7 8 9 |  9.1
Dodging        | 3 4 |  4.2
Fighting       | 1 |  1.9
Short Blades   | 2 |  2.2
Unarmed Combat | |  0.1
Evocations     | |  0.2

Action                   |  1- 3 |  4- 6 |  7- 9 || total
-------------------------+-------+-------+-------++-------
Melee: Unarmed           |    17 |       |       ||    17
       Short sword       |    15 |    12 |   113 ||   140
 Cast: Flame Tongue      |    53 |    53 |    66 ||   172
       Throw Flame       |    28 |    18 |    52 ||    98
       Conjure Flame     |     3 |     2 |     7 ||    12
       Sticky Flame      |       |    10 |    21 ||    31
       Fireball          |       |       |    18 ||    18
Evoke: Wand              |       |       |     4 ||     4
  Use: Scroll            |       |     9 |     5 ||    14
 Stab: Sleeping          |     2 |     5 |     3 ||    10
  Eat: Chunk             |     4 |     5 |     8 ||    17
       Beef jerky        |     1 |     2 |     3 ||     6
       Fruit             |       |     3 |     7 ||    10
       Meat ration       |       |       |     1 ||     1
Armor: Robe              |    12 |     4 |    26 ||    42
Dodge: Dodged            |    39 |    48 |    71 ||   158
